Get step-by-step instructions on how to execute this build order below. Start the game timer, and the build order will tick by so you can play in parallel with StarCraft on a second screen or mobile device.

Game Time

  0:00

Last Step

  N/A

Next Step

Upcoming Step



Don't want to look back and forth between 2 screens? Try out our Overwolf App, the Spawning Tool Build Advisor to get an in-game overlay with this build!

Complete Build Order

  12  0:00  Drone  
  13  0:12  Overlord  
  13  0:19  Drone  
  14  0:31  Drone x2  
  16  0:50  Hatchery  
  16  0:52  Drone  
  16  0:56  Drone  
  17  0:59  Drone  
  18  1:08  Extractor  
  17  1:16  Spawning Pool  
  16  1:18  Drone  
  16  1:25  Drone  
  18  1:28  Drone  
  19  1:39  Drone  
  20  1:50  Overlord  
  20  2:02  Queen  
  20  2:03  Zergling x2, Queen  
  20  2:06  Zergling x2  
  26  2:11  Drone  
  26  2:15  Overlord  
  27  2:28  Drone x2  
  29  2:47  Drone x4  
  29  2:50  Lair  
  29  2:51  Queen  
  35  3:02  Drone, Roach Warren  
  35  3:04  Drone  
  36  3:08  Extractor, Drone  
  36  3:10  Drone  
  37  3:19  Drone  
  39  3:20  Drone x2  
  39  3:21  Drone  
  39  3:23  Drone  
  39  3:25  Drone  
  42  3:38  Overlord x2  
  42  3:45  Drone  
  42  3:46  Drone x2, Evolution Chamber  
  42  3:48  Evolution Chamber  
  43  3:50  Overlord  
  43  3:54  Drone  
  44  3:57  Drone  
  44  3:59  Roach  
  44  4:00  Roach  
  49  4:03  Roach  
  49  4:05  Roach  
  53  4:13  Zerg Missile Weapons Level 1  
  53  4:14  Zerg Ground Armor Level 1  
  53  4:17  Glial Reconstitution  
  53  4:25  Overseer  
  53  4:26  Zergling x2  
  53  4:27  Zergling x6  
  53  4:28  Zergling x2  
  53  4:29  Zergling x2  
  59  4:34  Drone x2, Extractor  
  59  4:35  Drone  
  59  4:37  Drone  
  62  4:49  Overlord  
  62  4:50  Overlord  
  62  4:51  Roach x2  
  62  4:52  Roach  
  68  5:10  Roach x3  
  68  5:11  Roach  
  68  5:12  Hatchery  
  68  5:14  Roach  
  77  5:16  Roach  
  79  5:27  Queen  
  81  5:29  Overlord  
  81  5:30  Overlord  
  81  5:47  Overlord x2  
  81  5:54  Drone x10  
  91  6:08  Drone x2  
  74  6:30  Drone  
  74  6:31  Drone x3  
  78  6:33  Extractor  
  78  6:34  Drone x3  
  78  6:35  Drone x3  
  78  6:36  Extractor  
  78  6:39  Roach  
  82  6:48  Roach  
  82  6:49  Roach x2  
  88  6:57  Roach  
  88  6:58  Roach x4  
  98  7:05  Roach  
  98  7:06  Roach x6